 Dungeon Crawl Stone Soup version 0.29.1-1-gd02db69 (webtiles) character file.

Game seed: 6320650799791192684

88 Vaargak the Cudgeller (level 4, 0/41 HPs)
             Began as a Gnoll Chaos Knight on Sept 26, 2022.
             Was a Plaything of Xom.
             Slain by a gnoll
             ... wielding a +0 whip
              (6 damage)
             ... on level 3 of the Dungeon.
             The game lasted 00:15:15 (2304 turns).

Vaargak the Cudgeller (Gnoll Chaos Knight)          Turns: 2304, Time: 00:15:16

Health: 0/41       AC: 12    Str: 13    XL:     4   Next: 53%
Magic:  5/5        EV:  6    Int: 11    God:    Xom [....*.]
Gold:   170        SH:  0    Dex: 12    Spells: 5/5 levels left

rFire   . . .      SeeInvis .   a - +0 mace (chaos)
rCold   . . .      Faith    .   (no shield)
rNeg    . . .      Spirit   .   f - +0 chain mail
rPois   .          Reflect  .   (no helmet)
rElec   .          Harm     .   (no cloak)
rCorr   .          Rampage  .   e - +2 pair of gloves
Will    +....                   (no boots)
Stlth   ..........              (no amulet)
HPRegen 0.13/turn               m - ring of willpower
MPRegen 0.09/turn               (no ring)

@: no status effects
A: fangs 1, strong nose, distributed training
a: Renounce Religion


You were on level 3 of the Dungeon.
You worshipped Xom.
You were a beloved toy of Xom.
You visited 1 branch of the dungeon, and saw 3 of its levels.

You collected 170 gold pieces.

Inventory:

Hand Weapons
 a - a +0 mace of chaos (weapon)
Missiles
 n - a throwing net
Armour
 e - a +2 pair of gloves (worn)
 f - a +0 chain mail (worn)
Jewellery
 g - an amulet of magic regeneration
 m - a ring of willpower (left hand)
Scrolls
 b - 4 scrolls of teleportation {unknown}
 i - a scroll of enchant armour {unknown}
 j - a scroll of enchant weapon {unknown}
 k - a scroll of butterflies {unknown}
 l - a scroll of poison {unknown}
 p - a scroll of identify {unknown}
Potions
 d - a potion of invisibility {unknown}
 h - a potion of haste {unknown}
 o - a potion of magic {unknown}
Miscellaneous
 c - a piece from Xom's chessboard (15/15) (quivered)
 q - a piece from Xom's chessboard (15/15)


   Skills:
 + Level 6.6 Fighting
 + Level 1.2 Short Blades
 + Level 1.2 Long Blades
 + Level 1.2 Axes
 + Level 6.6 Maces & Flails
 + Level 1.2 Polearms
 + Level 1.2 Staves
 + Level 1.2 Ranged Weapons
 + Level 1.2 Throwing
 + Level 4.7 Armour
 + Level 2.8 Dodging
 + Level 1.2 Stealth
 + Level 1.2 Shields
 + Level 1.2 Unarmed Combat
 + Level 1.2 Spellcasting
 + Level 1.0 Conjurations
 + Level 1.0 Hexes
 + Level 1.0 Summonings
 + Level 1.0 Necromancy
 + Level 1.0 Translocations
 + Level 1.0 Transmutations
 + Level 1.0 Fire Magic
 + Level 1.0 Ice Magic
 + Level 1.0 Air Magic
 + Level 1.0 Earth Magic
 + Level 1.0 Poison Magic
 + Level 1.3 Invocations
 + Level 1.2 Evocations


You had 5 spell levels left.
You didn't know any spells.
Your spell library contained the following spells:

 Spells                   Type           Power      Damage    Failure   Level
 Apportation              Tloc           4%         N/A       99%         1
 Alistair's Intoxication  Tmut/Pois      1%         N/A       100%        5


Dungeon Overview and Level Annotations

Branches:
Dungeon (3/15)

Altars:
Gozag
Xom
Zin


Innate Abilities, Weirdness & Mutations

You have very sharp teeth.
Your uncanny sense of smell can sniff out nearby items.
Your experience applies equally to all skills.


Message History

There are monsters nearby!
You hit the gnoll but do no damage.
The gnoll is moderately wounded.
Xom plays with reality for a moment.
Your butterfly is unaffected.
The gnoll flies into a frenzy! x3
The gnoll hits the gnoll with a +0 whip!
The gnoll closely misses your butterfly.
The gnoll hits the gnoll with a +0 club!
The gnoll hits the gnoll with a +0 whip!
The gnoll dies!
The gnoll hits you with a +0 whip.
* * * LOW HITPOINT WARNING * * *
You emit a cloud of colourful smoke!
Your Conjurations skill increases to level 1!
Your Hexes skill increases to level 1!
Your Summonings skill increases to level 1!
Your Necromancy skill increases to level 1!
Your Translocations skill increases to level 1!
Your Transmutations skill increases to level 1!
Your Fire Magic skill increases to level 1!
Your Ice Magic skill increases to level 1!
Your Air Magic skill increases to level 1!
Your Earth Magic skill increases to level 1!
Your Poison Magic skill increases to level 1!
The gnoll hits you but does no damage.
Something barely misses the gnoll.
The gnoll attacks as you move away! The gnoll hits you with a +0 whip.
* * * LOW HITPOINT WARNING * * *
You feel a bit more experienced.
The gnoll hits your butterfly with a +0 whip.
Your butterfly dies!
Your butterfly disappears in a puff of smoke!
You hear a shout!
The gnoll shouts!
The gnoll attacks as you move away! The gnoll hits you with a +0 whip.
* * * LOW HITPOINT WARNING * * *
You hear a shout!
The gnoll shouts!
You hear a shout!
The gnoll hits you with a +0 whip.
You die... "What!?
That's it?"

.........'....# #.#
.........#.##.## #.#
.........'...).############.#
.........#.#................#
........##.#...##############
#####.#.##.#...#.........#
..#.##.#.).#.#######.#
#.#...#.# #.# #...#@# #.#
#...#g# #.# #...#.# #.#
#####...#§#######.##
.........☼§...).g..#
#####.#.#§#######o######
#.#.#.#.....∆......#
#.#.#g####.##.###.## #.#.#.#
# #g#


You could see a gnoll and a neutral gnoll (fast, strong, insane).

Vanquished Creatures
  An adder (D:2)
  A worm (D:2)
  A dart slug (D:2)
  4 ball pythons
  2 endoplasms (D:1)
  5 giant cockroaches
  6 goblins
  3 hobgoblins
  3 jackals (D:2)
  A quokka (D:1)
  6 bats
  2 frilled lizards
  7 kobolds
  2 rats (D:2)
  2 butterflies (D:3)
46 creatures vanquished.

Vanquished Creatures (collateral kills)
  A gnoll (D:3)
  An orc (D:3)
2 creatures vanquished.

Vanquished Creatures (others)
  Natasha (D:3)
  An orc (D:3)
2 creatures vanquished.

Grand Total: 50 creatures vanquished

Notes
Turn   | Place    | Note
-------+----------+-------------------------------------------
     0 | D:1      | Vaargak the Gnoll Chaos Knight began the quest for the Orb.
     0 | D:1      | Reached XP level 1. HP: 23/23 MP: 1/1
    49 | D:1      | XOM: silly message
   308 | D:1      | Reached XP level 2. HP: 29/29 MP: 2/2
   464 | D:1      | XOM: 9-stop teleportation journey
   792 | D:1      | Found a faded altar of an unknown god.
   904 | D:2      | Reached XP level 3. HP: 30/35 MP: 3/3
  1013 | D:2      | XOM: divination: detect creatures
  1218 | D:2      | Reached skill level 1 in Invocations
  1311 | D:2      | Found a glowing silver altar of Zin.
  1482 | D:2      | Reached skill level 1 in Short Blades
  1482 | D:2      | Reached skill level 1 in Long Blades
  1482 | D:2      | Reached skill level 1 in Axes
  1482 | D:2      | Reached skill level 1 in Polearms
  1482 | D:2      | Reached skill level 1 in Staves
  1482 | D:2      | Reached skill level 1 in Ranged Weapons
  1482 | D:2      | Reached skill level 1 in Throwing
  1482 | D:2      | Reached skill level 1 in Stealth
  1482 | D:2      | Reached skill level 1 in Shields
  1482 | D:2      | Reached skill level 1 in Unarmed Combat
  1482 | D:2      | Reached skill level 1 in Spellcasting
  1482 | D:2      | Reached skill level 1 in Evocations
  1490 | D:2      | XOM: silly message
  1524 | D:2      | XOM: 1-stop teleportation journey
  1634 | D:2      | XOM: noise
  1923 | D:3      | Found a shimmering altar of Xom.
  1928 | D:3      | Reached XP level 4. HP: 35/41 MP: 5/5
  1963 | D:3      | Found an opulent altar of Gozag.
  2269 | D:3      | Noticed Natasha
  2273 | D:3      | XOM: cast spell 'Dispersal'
  2274 | D:3      | XOM: cast spell 'Cause Fear'
  2285 | D:3      | XOM: scenery: summon butterflies
  2287 | D:3      | XOM: snakes to sticks
  2293 | D:3      | Killed Natasha
  2293 | D:3      | XOM: destruction
  2300 | D:3      | XOM: cast spell 'Discord'
  2300 | D:3      | XOM: smoke on damage
  2301 | D:3      | Reached skill level 1 in Conjurations
  2301 | D:3      | Reached skill level 1 in Hexes
  2301 | D:3      | Reached skill level 1 in Summonings
  2301 | D:3      | Reached skill level 1 in Necromancy
  2301 | D:3      | Reached skill level 1 in Translocations
  2301 | D:3      | Reached skill level 1 in Transmutations
  2301 | D:3      | Reached skill level 1 in Fire Magic
  2301 | D:3      | Reached skill level 1 in Ice Magic
  2301 | D:3      | Reached skill level 1 in Air Magic
  2301 | D:3      | Reached skill level 1 in Earth Magic
  2301 | D:3      | Reached skill level 1 in Poison Magic
  2304 | D:3      | Slain by a gnoll

Illustrated notes

Levels and vault maps discovered:
D:1:      matt_arrival_los_fun, layout_basic,
          shapermc_ecumenical_altar_notcrosses, patterned_corridor
D:2:      minmay_evil_eye, layout_basic, basic_altar
D:3:      layout_basic, amcnicky_altar_gilded, xom_butterflies, uniq_natasha,
          uniq_crazy_yiuf_cottage

Skill      XL: |  1  2  3  4 |
---------------+-------------+-----
Invocations    | 1 |  1.3
Short Blades   | 1 |  1.2
Long Blades    | 1 |  1.2
Axes           | 1 |  1.2
Polearms       | 1 |  1.2
Staves         | 1 |  1.2
Ranged Weapons | 1 |  1.2
Throwing       | 1 |  1.2
Stealth        | 1 |  1.2
Shields        | 1 |  1.2
Unarmed Combat | 1 |  1.2
Spellcasting   | 1 |  1.2
Evocations     | 1 |  1.2
Conjurations   | 1 |  1.0
Hexes          | 1 |  1.0
Summonings     | 1 |  1.0
Necromancy     | 1 |  1.0
Translocations | 1 |  1.0
Transmutations | 1 |  1.0
Fire Magic     | 1 |  1.0
Ice Magic      | 1 |  1.0
Air Magic      | 1 |  1.0
Earth Magic    | 1 |  1.0
Poison Magic   | 1 |  1.0
Fighting       | |  6.6
Maces & Flails | |  6.6
Armour         | |  4.7
Dodging        | |  2.8

Action                   |  1- 3 |  4- 6 || total
-------------------------+-------+-------++-------
Melee: Mace              |   112 |    31 ||   143
       Bite              |     6 |     1 ||     7
       Punch             |     2 |     1 ||     3
Armor: Ring mail         |    13 |       ||    13
       Leather armour    |     2 |       ||     2
       Chain mail        |    53 |    21 ||    74
Dodge: Dodged            |    47 |     8 ||    55
